 Dungeon Crawl Stone Soup version 0.14.2 (webtiles) character file.

7373 foobarfoo the Reanimator (level 10, -1/69 HPs)
             Began as a Demonspawn Necromancer on Nov 2, 2017.
             Was an Elder of Nemelex Xobeh.
             Killed by the air
             ... invoked by Gastronok
              (34 damage)
             ... on Level 1 of the Lair of Beasts on Nov 3, 2017.
             The game lasted 00:34:31 (10002 turns).

foobarfoo the Reanimator (Demonspawn Necromancer)  Turns: 10002, Time: 00:34:32

HP  -1/69        AC  9     Str  9      XL: 10   Next: 81%
MP  12/28        EV 14     Int 19      God: Nemelex Xobeh [****..]
Gold 411         SH  0     Dex 14      Spells:  6 memorised, 13 levels left

rFire  . . .     SeeInvis .     s - +3 short sword (speed)
rCold  . . .     Clarity  .     u - +1 robe {rN+}
rNeg   + . .     Conserve .     (no shield)
rPois  .         rCorr    .     t - +0 helmet
rElec  .         rRot     .     f - +1 cloak
SustAb . .       Spirit   .     w - +0 pair of gloves
rMut   .         Warding  .     E - +0 pair of boots
Gourm  +         Stasis   .     z - amulet of the gourmand
MR     .....                    D - ring of teleport control
                                r - +0,+5 ring of slaying

@: slowed, very slow, not resistant to hostile enchantments, quite stealthy
A: talons 2, rugged brown scales 1, nightstalker 1
a: Draw One, Peek at Two, Triple Draw, Deal Four, Renounce Religion, Evoke
Teleport Control


You were on level 1 of the Lair of Beasts.
You worshipped Nemelex Xobeh.
Nemelex Xobeh was greatly pleased with you.
You were not hungry.

You visited 3 branches of the dungeon, and saw 11 of its levels.

You collected 411 gold pieces.

Inventory:

Hand weapons
 s - a +3,+3 short sword of speed (weapon)
Missiles
 I - 5 tomahawks (quivered)
 T - 5 tomahawks of returning
Armour
 f - a +1 cloak (worn)
 t - a +0 helmet (worn)
 u - a +1 robe of positive energy (worn)
 w - a +0 pair of gloves (worn)
 E - a +0 pair of boots (worn)
Magical devices
 a - a wand of teleportation (5)
 b - a wand of fire (0)
 l - a wand of digging (10)
Comestibles
 c - 3 bread rations
Scrolls
 m - a scroll of magic mapping
 n - a scroll of teleportation
 v - a scroll of remove curse
 y - a scroll of fog
 F - a scroll of fear
 J - 2 scrolls of identify
Jewellery
 q - an uncursed ring of fire
 r - a +0,+5 ring of slaying (left hand)
 z - an amulet of the gourmand (around neck)
 D - a ring of teleport control (right hand)
 H - an uncursed ring of ice
Potions
 j - 3 potions of curing
 p - a potion of heal wounds
 x - 2 potions of haste


   Skills:
 + Level 1.8 Fighting
 + Level 0.5 Throwing
 + Level 4.7 Dodging
 + Level 3.9 Stealth
 * Level 10.2 Spellcasting
 + Level 0.5 Charms
 * Level 12.1 Necromancy
 + Level 1.4 Evocations


You had 13 spell levels left.
You knew the following spells:

 Your Spells              Type           Power        Failure   Level  Hunger
a - Pain                  Necr           ####         1%          1    None
b - Animate Skeleton      Necr           N/A          1%          1    None
c - Vampiric Draining     Necr           ######....   1%          3    None
d - Animate Dead          Necr           N/A          1%          4    ##.....
e - Regeneration          Chrm/Necr      ####......   1%          3    None
f - Control Undead        Necr           ######....   1%          4    ##.....


Dungeon Overview and Level Annotations

Branches:
Dungeon (9/15)             Temple (1/1) D:4            Lair (1/8) D:9
    Orc: D:9-12

Altars:
Ashenzari
Cheibriados
Dithmenos
Elyvilon
Fedhas
Kikubaaqudgha
Makhleb
Nemelex Xobeh
Okawaru
Sif Muna
Trog
Vehumet
Xom
Yredelemnul
Zin
The Shining One

Shops:
D:6 (

Annotations:
D:7 casual's ghost, experienced TrIE
Lair:1 Gastronok


Innate Abilities, Weirdness & Mutations

You have razor-sharp toenails.
You are partially covered in rugged brown scales (AC +1, +3% HP).
You are slightly more attuned to the shadows.


Message History

Press: ? - help, Shift-Dir - straight line, f - Gastronok
Aim: Gastronok wearing a hat (severely wounded) Gastronok easily resists.
Casting: Pain
Confirm with . or Enter, or press ? or * to list all spells.
Aiming: Pain
Press: ? - help, Shift-Dir - straight line, f/p - Gastronok
Aim: Gastronok wearing a hat (severely wounded) Gastronok easily resists.
Casting: Pain
Confirm with . or Enter, or press ? or * to list all spells.
Aiming: Vampiric Draining
Press: ? - help, Shift-Dir - straight line, f/p - Gastronok
Aim: Gastronok wearing a hat (severely wounded) Gastronok is almost dead.
You feel life coursing into your body. Gastronok misses you.
Gastronok waves his eye-stalks in wide circles.
The air twists around and strikes you!
You die...
Your body glows with a rainbow of weird colours and disappears.

##### ### ###### ##
.###f#.###.#####.##P##f#
.......................#
.......................#
.............Zj.@..)(..#
...................<%..#
........f###..##...!?..#
...#.+#### #.####......#
# #f .... #......# #.
..... #.......# # .....
#......## ... #.......#
#.......#


You could see Gastronok and a friendly giant slug zombie.

Vanquished Creatures
  A wandering mushroom (D:9)
  A basilisk (Lair:1)
  5 yaks (D:9)
  A hog (D:7)
  A wraith (D:8)
  A hungry ghost (D:7)
  A vampire mosquito (D:9)
  2 porcupines (D:9)
  3 orc warriors
  A phantom (D:5)
  4 ice beasts (D:7)
  2 black bears (D:7)
  An ogre (D:5)
  2 crocodiles (D:9)
  5 centaurs
  A big kobold (D:9)
  2 giant slugs (D:9)
  9 giant frogs
  A wight (D:7)
  3 scorpions
  An oklob sapling (D:9)
  A troll zombie (D:9)
  12 killer bees
  A crimson imp (D:7)
  A jelly (D:9)
  A goliath beetle (D:7)
  A soldier ant zombie (D:7)
  An elf skeleton (D:7)
  An iguana (D:5)
  An orange rat (D:9)
  5 orc wizards
  6 hounds
  3 worker ants
  An ogre zombie (D:5)
  Ijyb (D:5)
  Terence (D:2)
  8 gnolls
  9 adders
  7 green rats
  A shadow imp (D:7)
  A giant mite (D:7)
  An inept feature mimic (D:6)
  A worm (D:3)
  An adder zombie (D:5)
  2 adder skeletons
  9 giant geckos
  20 orcs
  12 bats
  5 goblins
  13 hobgoblins
  12 jackals
  7 giant cockroaches
  5 giant newts
  A giant spore (D:5)
  A goblin skeleton (D:7)
  A hobgoblin skeleton (D:4)
  A jackal skeleton (D:4)
  20 kobolds
  A kobold zombie (D:6)
  4 quokkas
  20 rats
  A ballistomycete (D:5)
249 creatures vanquished.

Vanquished Creatures (collateral kills)
  Psyche (D:9)
  An ugly thing (D:7)
  3 vampire mosquitoes (D:9)
  2 yaks (D:9)
  A hippogriff (D:8)
  A porcupine (D:9)
  A black bear (D:9)
  2 ice beasts (D:7)
  A sky beast (D:6)
  2 centaurs
  Sigmund (D:3)
  Duvessa (D:7)
  2 giant slugs
  2 giant frogs (D:9)
  An oklob sapling (D:9)
  2 killer bees
  7 wights
  3 wandering mushrooms (D:9)
  Dowan (D:7)
  2 crimson imps (D:8)
  An orc priest (D:7)
  A worker ant (D:6)
  An iguana (D:9)
  2 orc wizards
  2 adders
  A gnoll (D:3)
  A green rat (D:9)
  An orc skeleton (D:9)
  A scorpion zombie (D:9)
  A shadow imp (D:9)
  A giant mite (D:7)
  A giant gecko (D:9)
  An ooze (D:1)
  2 orcs
  A giant cockroach (D:1)
  A hobgoblin (D:7)
  A bat (D:8)
  2 rats
  A rat zombie (D:3)
60 creatures vanquished.

Vanquished Creatures (others)
  A yak (D:7)
  A dancing weapon (D:7)
  A wolf (D:9)
  2 giant slug zombies (D:9)
  4 yak zombies (D:9)
  6 giant frog zombies
  A black bear zombie (D:7)
  A basilisk zombie (Lair:1)
  A centaur skeleton (D:6)
  A centaur zombie (D:9)
  A giant frog skeleton (D:9)
  2 porcupine zombies (D:9)
  An orange rat (D:9)
  11 killer bee zombies
  A crocodile zombie (D:9)
  A big kobold zombie (D:9)
  2 hound skeletons
  A hound zombie (D:9)
  A worker ant zombie (D:9)
  A scorpion zombie (D:8)
  A shadow imp (D:9)
  An ufetubus (D:7)
  An adder zombie (D:8)
  A goblin zombie (D:5)
  2 iguana skeletons
  2 adder skeletons
  2 bat skeletons
  2 bat zombies
  A giant gecko skeleton (D:9)
  A giant gecko zombie (D:9)
  A gnoll zombie (D:3)
  A goblin skeleton (D:2)
  2 green rat zombies (D:9)
  3 hobgoblin skeletons
  3 kobold skeletons
  4 kobold zombies (D:9)
  An orc skeleton (D:7)
  6 orc zombies
  A quokka zombie (D:9)
  3 rat skeletons
  A rat zombie (D:9)
  A bush (D:9)
  2 butterflies (D:7)
  3 plants (D:9)
87 creatures vanquished.

Grand Total: 396 creatures vanquished

Notes
Turn   | Place    | Note
--------------------------------------------------------------
     0 | D:1      | foobarfoo, the Demonspawn Necromancer, began the quest for the Orb.
     0 | D:1      | Reached XP level 1. HP: 13/13 MP: 3/3
     2 | D:1      | Learned a level 1 spell: Animate Skeleton
   125 | D:1      | Gained mutation: You are slightly more attuned to the shadows. [demonic ancestry]
   125 | D:1      | Reached XP level 2. HP: 8/19 MP: 0/4
   136 | D:2      | Found a shadowy altar of Dithmenos.
   144 | D:2      | Noticed Terence
   184 | D:2      | Found a basalt altar of Yredelemnul.
   467 | D:1      | Reached skill level 5 in Necromancy
   701 | D:1      | Gained mutation: You have sharp toenails. [demonic ancestry]
   701 | D:1      | Reached XP level 3. HP: 17/24 MP: 2/6
   706 | D:1      | Learned a level 3 spell: Vampiric Draining
  1317 | D:2      | Killed Terence
  1583 | D:2      | Gained mutation: You are partially covered in rugged brown scales (AC +1, +3% HP). [demonic ancestry]
  1583 | D:2      | Reached XP level 4. HP: 23/30 MP: 6/9
  1859 | D:3      | Learned a level 4 spell: Animate Dead
  2018 | D:3      | Noticed Sigmund
  2042 | D:3      | Killed Sigmund
  2042 | D:3      | Gained mutation: You have razor-sharp toenails. [demonic ancestry]
  2042 | D:3      | Reached XP level 5. HP: 26/36 MP: 0/11
  2841 | D:4      | Reached skill level 6 in Necromancy
  2982 | D:4      | Found a staircase to the Ecumenical Temple.
  2992 | Temple   | Entered the Ecumenical Temple
  3140 | D:4      | Found a bloodstained altar of Trog.
  3512 | D:5      | Entered Level 5 of the Dungeon
  3515 | D:5      | Noticed an ogre
  3525 | D:5      | Killed an ogre
  3525 | D:5      | Reached XP level 6. HP: 32/42 MP: 3/15
  3689 | D:5      | Noticed a phantom
  3704 | D:5      | Learned a level 3 spell: Regeneration
  3716 | D:5      | Killed a phantom
  3838 | D:5      | Noticed Ijyb
  3848 | D:5      | Killed Ijyb
  3848 | D:5      | Reached XP level 7. HP: 42/47 MP: 14/18
  4221 | D:5      | Reached skill level 5 in Spellcasting
  4221 | D:5      | Reached skill level 7 in Necromancy
  4403 | D:5      | Your ally Ijyb died
  4498 | D:5      | Learned a level 4 spell: Control Undead
  4804 | D:6      | Found Weacruna's Weapon Emporium.
  4859 | D:6      | Found a glowing golden altar of the Shining One.
  4906 | D:6      | Reached skill level 8 in Necromancy
  4906 | D:6      | Reached XP level 8. HP: 40/54 MP: 10/20
  5354 | D:7      | Noticed casual's ghost (experienced TrIE)
  5564 | D:8      | Found a radiant altar of Vehumet.
  5609 | D:8      | Reached skill level 1 in Fighting
  5621 | D:8      | Reached skill level 9 in Necromancy
  5692 | D:8      | Found a sparkling altar of Nemelex Xobeh.
  5776 | D:8      | Found an ancient bone altar of Kikubaaqudgha.
  5779 | D:8      | Became a worshipper of Nemelex Xobeh the Trickster
  5797 | D:8      | Received a gift from Nemelex Xobeh
  5946 | D:8      | Found a shimmering altar of Xom.
  5947 | D:8      | Found a burning altar of Makhleb.
  6015 | D:7      | Reached XP level 9. HP: 39/60 MP: 6/24
  6216 | D:7      | Noticed Dowan
  6220 | D:7      | Noticed Duvessa
  6223 | D:7      | Killed Dowan
  6228 | D:7      | Killed Duvessa
  6281 | D:7      | Acquired Nemelex Xobeh's first power
  6361 | D:7      | Received a gift from Nemelex Xobeh
  6630 | D:7      | Reached skill level 10 in Necromancy
  6843 | D:7      | Acquired Nemelex Xobeh's second power
  7992 | D:8      | Acquired Nemelex Xobeh's third power
  8149 | D:7      | Received a gift from Nemelex Xobeh
  8416 | D:9      | Reached skill level 1 in Evocations
  8652 | D:9      | Reached XP level 10. HP: 18/67 MP: 2/27
  8812 | D:9      | Found a staircase to the Lair.
  8829 | D:9      | Reached skill level 11 in Necromancy
  8968 | D:9      | HP: 3/69 [giant slug (3)]
  9124 | D:9      | Found a glowing silver altar of Zin.
  9281 | D:9      | Noticed Psyche
  9290 | D:9      | Killed Psyche
  9301 | D:9      | Received a gift from Nemelex Xobeh
  9597 | D:9      | Found a blossoming altar of Fedhas.
  9657 | D:9      | Reached skill level 10 in Spellcasting
  9720 | D:9      | Acquired Nemelex Xobeh's fourth power
  9821 | D:9      | Reached skill level 12 in Necromancy
  9905 | Lair:1   | Entered Level 1 of the Lair of Beasts
  9959 | Lair:1   | Noticed Gastronok
 10002 | Lair:1   | Killed from afar by Gastronok

Action                   |  1- 3 |  4- 6 |  7- 9 | 10-12 || total
-------------------------+-------+-------+-------+-------++-------
Melee: Unarmed           |     3 |       |       |       ||     3
       Short sword       |       |    90 |   347 |   138 ||   575
Throw: Dart              |     5 |     8 |     7 |       ||    20
 Cast: Pain              |    67 |    69 |    31 |    18 ||   185
       Animate Skeleton  |    11 |    13 |    11 |     4 ||    39
       Vampiric Draining |     1 |     3 |    74 |    29 ||   107
       Animate Dead      |       |     3 |    24 |    14 ||    41
       Regeneration      |       |     1 |     7 |     5 ||    13
       Control Undead    |       |       |     6 |     2 ||     8
Evoke: Deck              |       |       |    18 |     6 ||    24
       Wand              |       |       |    16 |     8 ||    24
  Use: Scroll            |       |     6 |    11 |     2 ||    19
       Potion            |       |     1 |     9 |     1 ||    11
 Stab: Sleeping          |       |     7 |    13 |     4 ||    24
       Distracted        |       |       |     1 |     2 ||     3
